 Dungeon Crawl Stone Soup version 0.27.1-3-gb3d3a73c9e (webtiles) character file.

Game seed: 13699938984981137025

4 Crownlay the Changer (level 1, 0/13 HPs)
             Began as a Gnoll Wanderer on Oct 17, 2021.
             Was a Follower of Kikubaaqudgha.
             Slain by a hobgoblin (3 damage)
             ... on level 1 of the Dungeon.
             The game lasted 00:00:54 (196 turns).

Crownlay the Changer (Gnoll Wanderer)                Turns: 196, Time: 00:00:54

Health: 0/13       AC:  2    Str: 12    XL:     1   Next: 70%
Magic:  3/6        EV: 11    Int: 10    God:    Kikubaaqudgha [*.....]
Gold:   0          SH:  0    Dex: 11    Spells: 8/9 levels left

rFire    . . .     SeeInvis .   a - +0 club
rCold    . . .     Faith    .   (no shield)
rNeg     . . .     Spirit   .   c - +0 robe
rPois    .         Reflect  .   (no helmet)
rElec    .         Harm     .   (no cloak)
rCorr    .         Rampage  .   (no gloves)
Will     .....                  (no boots)
Stlth    ++........             e - amulet of the acrobat
HPRegen  0.04/turn              (no ring)
MPRegen  0.10/turn              (no ring)

@: very slightly contaminated
A: fangs 1, strong nose, distributed training
a: Renounce Religion, Receive Corpses


You were on level 1 of the Dungeon.
You worshipped Kikubaaqudgha.
Kikubaaqudgha was aware of your devotion.
You visited 1 branch of the dungeon, and saw 1 of its levels.

Inventory:

Hand Weapons
 a - a +0 club (weapon)
Armour
 c - a +0 robe (worn)
Jewellery
 e - an amulet of the acrobat (around neck)
Scrolls
 b - a scroll of teleportation
Potions
 f - 2 potions of berserk rage {unknown}
Miscellaneous
 d - a phial of floods


   Skills:
 + Level 0.1 Fighting
 + Level 0.1 Short Blades
 + Level 0.1 Long Blades
 + Level 0.1 Axes
 + Level 0.1 Maces & Flails
 + Level 0.1 Polearms
 + Level 0.1 Staves
 + Level 0.1 Slings
 + Level 4.4 Bows
 + Level 0.1 Crossbows
 + Level 0.1 Throwing
 + Level 2.4 Armour
 + Level 0.1 Dodging
 + Level 2.2 Stealth
 + Level 0.1 Shields
 + Level 0.1 Unarmed Combat
 + Level 4.9 Spellcasting
 + Level 0.1 Conjurations
 + Level 0.1 Hexes
 + Level 0.1 Summonings
 + Level 0.1 Necromancy
 + Level 0.1 Translocations
 + Level 5.3 Transmutations
 + Level 0.1 Fire Magic
 + Level 0.1 Ice Magic
 + Level 0.1 Air Magic
 + Level 0.1 Earth Magic
 + Level 0.1 Poison Magic
 + Level 0.2 Invocations
 + Level 2.4 Evocations


You had 8 spell levels left.
You knew the following spells:

 Your Spells              Type           Power      Damage    Failure   Level
a - Foxfire               Conj/Fire      8%         2x1d4     22%         1

Your spell library contained the following spells:

 Spells                   Type           Power      Damage    Failure   Level
 Pain                     Necr           8%         1d4       22%         1
 Corpse Rot               Necr/Air       N/A        N/A       32%         2
 Sublimation of Blood     Necr           1%         N/A       32%         2
 Mephitic Cloud           Conj/Pois/Air  2%         N/A       54%         3
 Vampiric Draining        Necr           1%         2d6       54%         3


Dungeon Overview and Level Annotations

Branches:
Dungeon (1/15)

Altars:
Kikubaaqudgha


Innate Abilities, Weirdness & Mutations

You have very sharp teeth.
Your uncanny sense of smell can sniff out nearby items.
Your experience applies equally to all skills.


Message History

Okay, then.
A goblin comes into view. It is wielding a +0 dagger.
The goblin shouts!
You hear a shout!
The goblin closely misses you.
You closely miss the goblin.
A hobgoblin comes into view.
The goblin hits you with a +0 dagger.
You closely miss the goblin.
The goblin hits you with a +0 dagger. x2
You are too injured to fight recklessly!
Casting: Foxfire (safe; 22% risk of failure)
Confirm with . or Enter, or press ? or * to list all spells.
You conjure some foxfire!
The goblin hits you with a +0 dagger.
Your foxfire dissipates!
The foxfire hits the goblin.
You kill the goblin!
Kikubaaqudgha accepts your kill.
Casting: Foxfire (safe; 22% risk of failure)
Confirm with . or Enter, or press ? or * to list all spells.
You miscast Foxfire.
You are very lightly contaminated with residual magic.
Nothing appears to happen.
Casting: Foxfire (safe; 22% risk of failure)
Confirm with . or Enter, or press ? or * to list all spells.
You conjure some foxfire!
The hobgoblin closely misses you.
The foxfire hits the hobgoblin.
The hobgoblin is severely wounded.
The hobgoblin completely misses you.
You hit the hobgoblin.
The hobgoblin is almost dead.
The hobgoblin closely misses you.
You barely miss the hobgoblin.
You bite the hobgoblin, but do no damage.
The hobgoblin is almost dead.
The hobgoblin hits you.
* * * LOW HITPOINT WARNING * * *
You hit the hobgoblin but do no damage.
The hobgoblin is almost dead.
The hobgoblin hits you.
You die...
Kikubaaqudgha rasps: "You have failed me!
Welcome... death!"

..# .# #.####.#.##
...............
#.####[.......
#..###.##.##.##
##.##.#.≈.≈.#.####
#.#.#§§§§≈..#....
#..#≈≈§§§≈≈≈≈#.####.#
#.#.§§.§≈≈.≈..#@g)..#
#.#..§§≈_≈≈...#.#####.#
#.#...≈≈.≈≈...#.......#
#.#...≈.≈.≈...#.#######
#.#§§≈.≈.≈.§..#........
##.#≈.≈...≈.≈#.########
∆ ##§§≈..(..≈..##
##.#.....#.##
#..#####..#


You could see a hobgoblin.

Vanquished Creatures
  A giant cockroach (D:1)
  2 goblins (D:1)
  A ball python (D:1)
4 creatures vanquished.

Vanquished Creatures (others)
  8 foxfires (D:1)
8 creatures vanquished.

Grand Total: 12 creatures vanquished

Notes
Turn   | Place    | Note
-------+----------+-------------------------------------------
     0 | D:1      | Crownlay the Gnoll Wanderer began the quest for the Orb.
     0 | D:1      | Crownlay set off with the following items: a +0 club, a
                  | scroll of teleportation, a +0 robe, a phial of floods; and
                  | the following spell memorised: Foxfire; and the following
                  | spells available to memorise: Mephitic Cloud
     0 | D:1      | Reached XP level 1. HP: 13/13 MP: 6/6
   164 | D:1      | Found a faded altar of an unknown god.
   174 | D:1      | Became a worshipper of Kikubaaqudgha
   174 | D:1      | Reached * piety under Kikubaaqudgha
   174 | D:1      | Received a gift from Kikubaaqudgha
   196 | D:1      | Slain by a hobgoblin

Illustrated notes

Levels and vault maps discovered:
D:1:      zelgadis_glass_arrival_small, layout_basic,
          shapermc_ecumenical_altar_starsandcircs, minmay_misc_feat_tower

Action                   || total
-------------------------++-------
Melee: Club              ||    10
       Bite              ||     1
 Cast: Foxfire           ||     5
Armor: Robe              ||     2
Dodge: Dodged            ||     8
